 Dungeon Crawl Stone Soup version 0.28-a0-533-g9f97627e2a (webtiles) character file.

Game seed: 947705589909181380

1698 bande the Chopper (level 9, 0/55 HPs)
             Began as a Gargoyle Fighter on Sept 26, 2021.
             Was a Believer of Okawaru.
             Slain by a gnoll (2 damage)
             ... on level 6 of the Dungeon.
             The game lasted 00:09:11 (4508 turns).

bande the Chopper (Gargoyle Fighter)                Turns: 4508, Time: 00:09:11

Health: 0/55       AC: 20    Str: 20    XL:     9   Next: 3%
Magic:  10/12      EV:  7    Int: 15    God:    Okawaru [**....]
Gold:   216        SH:  5    Dex: 12    Spells: 8/8 levels left

rFire   . . .      SeeInvis .   a - +0 war axe
rCold   . . .      Faith    .   c - +0 buckler
rNeg    + + .      Spirit   .   e - +0 chain mail
rPois   ∞          Reflect  .   g - +1 helmet
rElec   +          Harm     .   l - +0 cloak
rCorr   .          Rampage  .   (no gloves)
Will    .....                   (no boots)
Stlth   ..........              j - amulet of regeneration
HPRegen 1.18/turn               f - +6 ring of intelligence
MPRegen 0.13/turn               q - ring of positive energy

@: no status effects
A: sickness immunity, AC +6, negative energy resistance 1, electricity
resistance, torment resistance 1, petrification resistance
a: Renounce Religion, Heroism


You were on level 6 of the Dungeon.
You worshipped Okawaru.
Okawaru was pleased with you.
You visited 2 branches of the dungeon, and saw 7 of its levels.

You collected 216 gold pieces.

Inventory:

Hand Weapons
 a - a +0 war axe (weapon)
 d - a +1 flail of protection
Armour
 c - a +0 buckler (worn)
 e - a +0 chain mail (worn)
 g - a +1 helmet (worn)
 l - a +0 cloak (worn)
Jewellery
 f - a +6 ring of intelligence (left hand)
 j - an amulet of regeneration (around neck)
 q - a ring of positive energy (right hand)
Scrolls
 h - 5 scrolls of teleportation
 k - a scroll of enchant armour
Potions
 b - a potion of brilliance
 i - 2 potions of cancellation {unknown}
 m - a potion of resistance {unknown}
 n - a potion of lignification {unknown}
 o - a potion of degeneration {unknown}
 r - a potion of magic {unknown}
 s - a potion of mutation {unknown}


   Skills:
 + Level 5.7 Fighting
 + Level 7.1 Axes
 + Level 6.0 Armour
 + Level 5.1 Shields
 * Level 4.0 Invocations


You had 8 spell levels left.
You didn't know any spells.
Your spell library contained the following spells:

 Spells                   Type           Power      Damage    Failure   Level
 Corpse Rot               Necr/Air       N/A        N/A       98%         2
 Dispel Undead            Necr           0%         3d6       100%        4
 Conjure Ball Lightning   Conj/Air       0%         3x3d6     100%        6
 Discord                  Hex            0%         N/A       100%        8
 Disjunction              Tloc           0%         N/A       100%        8
 Death Channel            Necr           Unusable   N/A       N/A         6

Dungeon Overview and Level Annotations

Branches:
Dungeon (6/15)             Temple (1/1) D:4

Altars:
Ashenzari
Dithmenos
Elyvilon
Hepliaklqana
Makhleb
Nemelex Xobeh
Okawaru
Qazlal
Ru
Sif Muna
Trog
Uskayaw
Vehumet
Xom
Yredelemnul
Jiyva

Shops:
D:3 ::*(


Innate Abilities, Weirdness & Mutations

You are immune to sickness and miasma.
Your stone body is resilient. (AC +6)
You are immune to poison.
You resist negative energy. (rN+)
You are resistant to electric shocks. (rElec)
You are resistant to unholy torment.
You are immune to petrification.


Message History

The gnoll sergeant is lightly wounded.
You hit the centaur but do no damage. The centaur hits you.
The centaur closely misses you.
The gnoll sergeant hits you with a +0 spear.
* * * LOW HITPOINT WARNING * * *
The centaur hits you.
* * * LOW HITPOINT WARNING * * *
The centaur kicks you but does no damage.
You block the gnoll's attack.
You slash the centaur!
You kill the centaur!
Okawaru accepts your kill.
You hit the gnoll sergeant.
The gnoll sergeant hits you with a +0 spear.
* * * LOW HITPOINT WARNING * * *
You block the gnoll's attack.
Your Armour skill increases to level 6!
Your Invocations skill increases to level 4!
You have reached level 9!
Your experience leads to an increase in your attributes!
Your base attributes are Str 20, Int 9, Dex 11.
Increase (S)trength, (I)ntelligence, or (D)exterity?
You feel agile.
You hit the gnoll sergeant but do no damage.
The gnoll sergeant is moderately wounded.
The gnoll sergeant hits you but does no damage.
The gnoll closely misses you.
The gnoll sergeant hits you but does no damage.
You hit the gnoll sergeant but do no damage.
The gnoll sergeant is moderately wounded.
The gnoll completely misses you.
The gnoll sergeant hits you with a +0 spear!
* * * LOW HITPOINT WARNING * * *
The gnoll closely misses you.
You hit the gnoll sergeant.
The gnoll sergeant is heavily wounded.
The gnoll sergeant hits you with a +0 spear.
* * * LOW HITPOINT WARNING * * *
The gnoll hits you from afar with a +0 halberd.
You die...

,,*+*** #..........# ,,,,,,*
#..........# ,,,,,,*
#.(>[......#
,,,,,,###..........#
,,,,,,#............#####***
,,,,,,*,#...............,,*
,,,,,,#.#.......g)......,,*
,,,,,,#...<.$....)......,,*
,,,,,,########+#@g......,,*
,,,,***,,,,,**,#).......,,*
,,,,***,,,,,,,,.....####***
,,,,,,,,,,,,,,......#
,,,****,,,,,,.......#***********
,,,,,,,,,,,,$........,,,,,,,,,>*
,,,,,,,,,,,.........##**********
,,,,,,,,,,......?....,,*
***,,,,,,,,,,,,,,,,,,,,*


You could see a gnoll sergeant and a gnoll.

Vanquished Creatures
  A centaur zombie (D:5)
  Sigmund (D:5)
  Edmund (D:4)
  An ice beast (D:4)
  A sky beast (D:4)
  A centaur (D:6)
  Crazy Yiuf (D:4)
  2 gnoll shamans (D:4)
  3 hounds
  2 jellies
  5 iguanas
  2 hound skeletons
  Robin (D:2)
  15 gnolls
  A howler monkey skeleton (D:4)
  6 adders
  2 adder skeletons
  2 worms
  2 dart slugs (D:3)
  An orc (D:5)
  5 ball pythons
  2 endoplasms
  8 giant cockroaches
  10 goblins
  12 hobgoblins
  9 jackals
  3 quokkas
  5 bats
  2 frilled lizards
  2 kobolds
  2 rats (D:1)
111 creatures vanquished.

Vanquished Creatures (others)
  Grinder (Temple)
  2 fungi (D:2)
  2 plants (D:2)
5 creatures vanquished.

Grand Total: 116 creatures vanquished

Notes
Turn   | Place    | Note
-------+----------+-------------------------------------------
     0 | D:1      | bande the Gargoyle Fighter began the quest for the Orb.
     0 | D:1      | Reached XP level 1. HP: 14/14 MP: 1/1
    41 | D:1      | Reached XP level 2. HP: 18/19 MP: 2/2
   230 | D:1      | Reached skill level 2 in Axes
   456 | D:1      | Reached XP level 3. HP: 23/23 MP: 3/3
   809 | D:2      | Noticed Robin
   818 | D:2      | Killed Robin
  1189 | D:2      | Reached XP level 4. HP: 24/29 MP: 4/4
  1471 | D:2      | Reached skill level 3 in Axes
  1702 | D:2      | Found a faded altar of an unknown god.
  2216 | D:3      | Found Pooffar's Antique Weapon Shoppe.
  2327 | D:3      | Found Hieps's Assorted Antiques.
  2366 | D:3      | Found Qajiasmee's Book Shoppe.
  2394 | D:3      | Reached XP level 5. HP: 33/33 MP: 5/5
  2514 | D:3      | Found a broken altar of Ashenzari.
  2634 | D:3      | Found Jiag's Book Boutique.
  2710 | D:4      | Noticed Edmund
  2747 | D:4      | Killed Edmund
  2748 | D:4      | Reached skill level 4 in Axes
  2748 | D:4      | Reached XP level 6. HP: 20/38 MP: 6/6
  2853 | D:4      | Found a staircase to the Ecumenical Temple.
  2854 | D:4      | Noticed Grinder
  2862 | Temple   | Entered the Ecumenical Temple
  2874 | Temple   | Paralysed by Grinder for 5 turns
  2888 | Temple   | Paralysed by Grinder for 2 turns
  2922 | Temple   | Paralysed by Grinder for 7 turns
  2936 | Temple   | Killed Grinder
  3127 | D:4      | Found a runed translucent door.
  3128 | D:4      | Noticed Crazy Yiuf
  3253 | D:4      | Found a shimmering blue altar of Sif Muna.
  3396 | D:4      | Reached skill level 5 in Armour
  3400 | D:4      | Found an iron altar of Okawaru.
  3404 | D:4      | Became a worshipper of Warmaster Okawaru
  3411 | D:4      | Reached XP level 7. HP: 44/44 MP: 7/7
  3444 | D:4      | Reached skill level 5 in Axes
  3444 | D:4      | Reached skill level 1 in Invocations
  3830 | D:4      | Killed Crazy Yiuf
  3885 | D:5      | Entered Level 5 of the Dungeon
  3897 | D:4      | Reached * piety under Okawaru
  3917 | D:4      | Reached skill level 5 in Fighting
  3917 | D:4      | Reached XP level 8. HP: 48/49 MP: 9/9
  3972 | D:5      | Reached skill level 6 in Axes
  4130 | D:5      | Found a hide-covered altar of Uskayaw.
  4227 | D:5      | Noticed Sigmund
  4273 | D:5      | Killed Sigmund
  4274 | D:5      | Reached skill level 5 in Shields
  4322 | D:5      | Reached ** piety under Okawaru
  4336 | D:5      | Reached skill level 7 in Axes
  4506 | D:6      | Reached XP level 9. HP: 7/55 MP: 10/12
  4507 | D:6      | HP: 2/55 [gnoll sergeant (8)]
  4508 | D:6      | Slain by a gnoll

Illustrated notes

Levels and vault maps discovered:
D:1:      roderic_octagonal_star, layout_basic, minmay_split_cup_small
D:2:      layout_rooms, shapermc_ecumenical_altar_ellora, uniq_robin
D:3:      layout_loops_ring, ashenzari_conservatory_becter, serial_shops,
          nicolae_shop_statue_plus, shop, shop, nicolae_shop_behind_doors
D:4:      layout_basic, okawaru_trees_2, led_sif_pool,
          minmay_temple_entry_offerings, kennysheep_generic_room_2,
          uniq_grinder, uniq_crazy_yiuf_cottage, uniq_edmund
D:5:      layout_rooms, nicolae_overflow_hidden_temple, abandoned_shop,
          uniq_sigmund
D:6:      layout_basic, portal_sewer_entry_f, uniq_blork_the_orc, uniq_menkaure
Temple:   pf_slime_end_temple

Skill      XL: |  1  2  3  4  5  6  7  8 |
---------------+-------------------------+-----
Axes           | 2 3 4 5 7 |  7.1
Armour         | 4 5 6 |  6.0
Fighting       | 4 5 |  5.7
Shields        | 4 5 |  5.1
Invocations    | 2 4 |  4.0

Action                   |  1- 3 |  4- 6 |  7- 9 || total
-------------------------+-------+-------+-------++-------
Melee: War axe           |    88 |   202 |   212 ||   502
  Use: Scroll            |       |     7 |     3 ||    10
       Potion            |       |     3 |       ||     3
Armor: Scale mail        |    44 |    86 |       ||   130
       Chain mail        |       |    37 |   231 ||   268
Dodge: Dodged            |    48 |   106 |   102 ||   256
Block: Buckler           |    18 |    45 |    92 ||   155

Table legend: (Time is in decaauts)
 A = Elapsed time spent in this place.
 B = Non-inter-level travel time spent in this place.
 C = Inter-level travel time spent in this place.
 D = Time resting spent in this place.
 E = Time spent auto-exploring this place.
 F = Levels seen in this place.
 G = Mean time per level.
                   A        B        C        D        E       F      G
               +--------+--------+--------+--------+--------+-----+--------+
         Total |   4659 |   4578 |     81 |    436 |   2882 |   7 |  665.6 |
       Dungeon |   4450 |   4391 |     59 |    436 |   2762 |   6 |  741.7 |
        Temple |    209 |    187 |     22 |      0 |    120 |   1 |  209.0 |
               +--------+--------+--------+--------+--------+-----+--------+

Top non-repeatable levels by time:
     D:2: 1159 daAuts
     D:4: 1092 daAuts
     D:1: 810 daAuts
     D:3: 809 daAuts
     D:5: 545 daAuts
  Temple: 209 daAuts
     D:6: 32 daAuts
